Map: Magannatha LE

Players

ManlyManMeat - Winner!

  • Race: Zerg Zerg
  • League: Diamond
  • Spawn Location: 11:00

AmandaSmmith

  • Race: Protoss Protoss
  • League: Diamond
  • Spawn Location: 5:00

VOD

Have the link to the VOD?

Description

Time

  • Played on: July 3, 2025, 7:04 a.m.
  • Length: 2:32
Show
View Real Time Build Order
Export as new Build Order

ManlyManMeat Zerg - Winner!

Build Orders: Hatch First 

Get SALT Encoding   

  12  0:00  Drone  
  13  0:08  Drone  
  13  0:13  Extractor  
  13  0:16  Drone  
  15  0:37  Overlord  
  15  0:44  Hatchery  
  15  0:47  Extractor  
  15  0:49  Drone  
  16  0:57  Drone x2  
  16  1:00  Drone  
  18  1:12  Extractor  
  18  1:14  Spawning Pool  
  16  1:19  Drone  
  17  1:42  Drone x2  
  19  2:03  Zergling x6  
  19  2:06  Drone  
Show
View Real Time Build Order
Export as new Build Order

AmandaSmmith Protoss 

Build Orders: Cannon Rush 

Get SALT Encoding   

  1  0:00  Probe  
  12  0:06  Probe  
  14  0:15  Probe  
  15  0:24  Pylon  
  16  0:42  Probe  
  16  0:48  Forge  
  16  0:54  Probe  
  17  1:07  Probe  
  17  1:10  Pylon  
  18  1:19  Probe  
  19  1:31  Probe  
  20  1:36  Pylon  
  20  1:42  Photon Cannon  
  20  1:44  Photon Cannon  
  20  1:45  Pylon  
  20  1:51  Photon Cannon  
  20  1:58  Photon Cannon  
  20  2:07  Photon Cannon  
  20  2:10  Photon Cannon  
  20  2:15  Photon Cannon  
  20  2:18  Photon Cannon  
  20  2:21  Pylon  
Tags
 
Add a new tag
Caveats
  • Supply blocks, unpowered buildings, or Contaminate may cause inaccurate times.
  • Supply counts are checked every 10 seconds.